TOP OF THE 1ST |
Athletic Club KC batting - Pitching for Mississippi Mockingbirds : RHP Carlos Vargas
|
Pitching: RHP Carlos Vargas
|
|
Batting: LHB César Núñez
|
0-0: Called Strike 0-1: Ball 1-1: Ball 2-1: Ground out 4-3 (Groundball, 4, EV 82.5 MPH)
|
Batting: RHB Yehonatan Chazan
|
0-0: Called Strike 0-1: Foul Ball, location: 2F 0-2: Ball 1-2: Ball 2-2: Fly out, F9 (Flyball, 9LM, EV 95.0 MPH)
|
Batting: LHB Pablo Hernández
|
0-0: Ball 1-0: Foul Ball, location: 2F 1-1: Ball 2-1: Ball 3-1: SOLO HOME RUN (Flyball, 78XD, EV 99.4 MPH), Distance : 405 ft
|
Batting: RHB Armando Rodríguez
|
0-0: Ground out 4-3 (Groundball, 4S, EV 83.8 MPH)
|
Top of the 1st over - 1 run, 1 hit, 0 errors, 0 left on base; Athletic Club KC 1 - Mississippi 0 |
BOTTOM OF THE 1ST |
Mississippi Mockingbirds batting - Pitching for Athletic Club KC : LHP Roman Phansalker
|
Pitching: LHP Roman Phansalker
|
|
Batting: RHB Tony Calhoun
|
0-0: Ball 1-0: Foul Ball, location: 2F 1-1: Foul Ball, location: 2F 1-2: SINGLE (Groundball, 6MD, EV 108.8 MPH)
|
Batting: LHB Owen Sharts
|
0-0: Called Strike 0-1: Ball 1-1: 2-RUN HOME RUN (Flyball, 89XD, EV 92.5 MPH), Distance : 385 ft
|
Batting: RHB Doug Allerdale
|
0-0: Ball 1-0: Foul Ball, location: 2F 1-1: Ball 2-1: Ball 3-1: Foul Ball, location: 2F 3-2: Strikes out swinging
|
Batting: RHB Shimei Miura
|
0-0: Foul Ball, location: 2F 0-1: Ground out 5-3 (Groundball, 56, EV 81.9 MPH)
|
Batting: LHB Javier Sánchez
|
0-0: Called Strike 0-1: Called Strike 0-2: Foul Ball, location: 2F 0-2: Ball 1-2: Foul Ball, location: 2F 1-2: Ground out 2-3 (Groundball, 2R, EV 66.2 MPH)
|
Bottom of the 1st over - 2 runs, 2 hits, 0 errors, 0 left on base; Athletic Club KC 1 - Mississippi 2 |
TOP OF THE 2ND |
Athletic Club KC batting - Pitching for Mississippi Mockingbirds : RHP Carlos Vargas
|
Batting: RHB Lopahin Davletyarov
|
0-0: Called Strike 0-1: Ball 1-1: DOUBLE (Flyball, 89XD, EV 110.0 MPH)
|
Batting: RHB Tasuku Goto
|
0-0: Called Strike 0-1: Ball 1-1: Foul Ball, location: 2F 1-2: Fly out, F8 (Line Drive, 8RD, EV 103.1 MPH)
|
Batting: RHB Armando Altagracia
|
0-0: Called Strike 0-1: Ball Lopahin Davletyarov steals 3rd base (no throw) 1-1: Called Strike 1-2: Foul Ball, location: 2F 1-2: Ground out 5-3 (Groundball, 56, EV 108.1 MPH) Lopahin Davletyarov scores
|
Batting: RHB Wade Tazewell
|
0-0: Ball 1-0: Ball 2-0: Ball 3-0: Called Strike 3-1: Called Strike 3-2: Foul Ball, location: 2F 3-2: Base on Balls
|
Batting: RHB Shou-xin Quian
|
0-0: Called Strike 0-1: Ball 1-1: Ball 2-1: Fielders Choice at 2nd, 5-4 (Groundball, 5, EV 102.5 MPH)
|
Top of the 2nd over - 1 run, 1 hit, 0 errors, 1 left on base; Athletic Club KC 2 - Mississippi 2 |
BOTTOM OF THE 2ND |
Mississippi Mockingbirds batting - Pitching for Athletic Club KC : LHP Roman Phansalker
|
Batting: RHB Iiri Haapajarvi
|
0-0: Ball 1-0: Fly out, F4 (Popup, 4, EV 61.2 MPH)
|
Batting: LHB Chris Fitzgerald
|
0-0: Fly out, F4 (Popup, 13, EV 73.8 MPH)
|
Batting: RHB Alco Compagne
|
0-0: Ball 1-0: Called Strike 1-1: Ball 2-1: Ball 3-1: Base on Balls
|
Batting: LHB Bob Sanders
|
0-0: Ball 1-0: Called Strike 1-1: Foul Ball, location: 2F 1-2: Strikes out looking
|
Bottom of the 2nd over - 0 runs, 0 hits, 0 errors, 1 left on base; Athletic Club KC 2 - Mississippi 2 |
TOP OF THE 3RD |
Athletic Club KC batting - Pitching for Mississippi Mockingbirds : RHP Carlos Vargas
|
Batting: LHB César Núñez
|
0-0: Foul Ball, location: 2F 0-1: Ball 1-1: Ball 2-1: Swinging Strike 2-2: Fly out, F8 (Flyball, 8LD, EV 106.9 MPH)
|
Batting: RHB Yehonatan Chazan
|
0-0: Foul Ball, location: 2F 0-1: Ball 1-1: Fly out, F7 (Flyball, 78S, EV 83.8 MPH)
|
Batting: LHB Pablo Hernández
|
0-0: Called Strike 0-1: Ball 1-1: SINGLE (Line Drive, 89M, EV 92.5 MPH)
|
Batting: RHB Armando Rodríguez
|
Pickoff Throw to First - Out! 1-3
|
Top of the 3rd over - 0 runs, 1 hit, 0 errors, 0 left on base; Athletic Club KC 2 - Mississippi 2 |
BOTTOM OF THE 3RD |
Mississippi Mockingbirds batting - Pitching for Athletic Club KC : LHP Roman Phansalker
|
Batting: RHB Tony Calhoun
|
0-0: Ball 1-0: Ball 2-0: Ball 3-0: Called Strike 3-1: SINGLE (Line Drive, 89S, EV 106.9 MPH)
|
Batting: LHB Owen Sharts
|
0-0: Foul Ball, location: 2F 0-1: Foul Ball, location: 2F 0-2: Ball 1-2: Strikes out swinging Tony Calhoun steals 2nd base Batter strikes out.
|
Batting: RHB Doug Allerdale
|
0-0: Ball 1-0: Called Strike 1-1: SINGLE (Flyball, 78S, EV 94.4 MPH) Tony Calhoun to third
|
Batting: RHB Shimei Miura
|
0-0: Ball 1-0: Called Strike 1-1: Foul Ball, location: 2F 1-2: Grounds into double play, 6-4-3 (Groundball, 6, EV 104.4 MPH)
|
Bottom of the 3rd over - 0 runs, 2 hits, 0 errors, 1 left on base; Athletic Club KC 2 - Mississippi 2 |
TOP OF THE 4TH |
Athletic Club KC batting - Pitching for Mississippi Mockingbirds : RHP Carlos Vargas
|
Batting: RHB Armando Rodríguez
|
0-0: Fly out, F3 (Popup, 34, EV 63.8 MPH)
|
Batting: RHB Lopahin Davletyarov
|
0-0: Fly out, F8 (Line Drive, 8LM, EV 95.0 MPH)
|
Batting: RHB Tasuku Goto
|
0-0: Fly out, F7 (Flyball, 7S, EV 89.4 MPH)
|
Top of the 4th over - 0 runs, 0 hits, 0 errors, 0 left on base; Athletic Club KC 2 - Mississippi 2 |
BOTTOM OF THE 4TH |
Mississippi Mockingbirds batting - Pitching for Athletic Club KC : LHP Roman Phansalker
|
Batting: LHB Javier Sánchez
|
0-0: Ball 1-0: Called Strike 1-1: Ball 2-1: Ball 3-1: Foul Ball, location: 2F 3-2: Foul Ball, location: 2F 3-2: Fly out, F6 (Popup, 6MD, EV 58.8 MPH)
|
Batting: RHB Iiri Haapajarvi
|
0-0: Ball 1-0: Ball 2-0: Ball 3-0: Called Strike 3-1: Called Strike 3-2: Foul Ball, location: 2F 3-2: Strikes out looking
|
Batting: LHB Chris Fitzgerald
|
0-0: Ground out 6-3 (Groundball, 6, EV 84.4 MPH)
|
Bottom of the 4th over - 0 runs, 0 hits, 0 errors, 0 left on base; Athletic Club KC 2 - Mississippi 2 |
TOP OF THE 5TH |
Athletic Club KC batting - Pitching for Mississippi Mockingbirds : RHP Carlos Vargas
|
Batting: RHB Armando Altagracia
|
0-0: Foul Ball, location: 2F 0-1: Ball 1-1: SOLO HOME RUN (Flyball, 7LD, EV 93.8 MPH), Distance : 350 ft
|
Batting: RHB Wade Tazewell
|
0-0: Ball 1-0: Ground out 4-3 (Groundball, 4, EV 86.9 MPH)
|
Batting: RHB Shou-xin Quian
|
0-0: Swinging Strike 0-1: Ball 1-1: Ball 2-1: Fly out, F8 (Line Drive, 8RM, EV 91.2 MPH)
|
Batting: LHB César Núñez
|
0-0: Ball 1-0: Swinging Strike 1-1: Ball 2-1: Ball 3-1: Swinging Strike 3-2: Foul Ball, location: 2F 3-2: Foul Ball, location: 2F 3-2: Base on Balls
|
Batting: RHB Yehonatan Chazan
|
0-0: Foul Ball, location: 2F 0-1: Called Strike 0-2: Foul Ball, location: 2F 0-2: 2-RUN HOME RUN (Flyball, 78XD, EV 98.1 MPH), Distance : 386 ft
|
Pitching: LHP Gertjan van Hulst
|
|
Batting: LHB Pablo Hernández
|
0-0: Called Strike 0-1: Ball 1-1: Foul Ball, location: 2F 1-2: Ball 2-2: Ball 3-2: Strikes out swinging
|
Top of the 5th over - 3 runs, 2 hits, 0 errors, 0 left on base; Athletic Club KC 5 - Mississippi 2 |
BOTTOM OF THE 5TH |
Mississippi Mockingbirds batting - Pitching for Athletic Club KC : LHP Roman Phansalker
|
Batting: RHB Alco Compagne
|
0-0: Ground out U3 (Groundball, 34, EV 103.1 MPH)
|
Batting: LHB Bob Sanders
|
0-0: Foul Ball, location: 2F 0-1: Ball 1-1: Ball 2-1: Ground out 4-3 (Groundball, 4, EV 83.8 MPH)
|
Batting: RHB Tony Calhoun
|
0-0: Ball 1-0: SINGLE (Line Drive, 78S, EV 101.2 MPH)
|
Batting: LHB Owen Sharts
|
0-0: Called Strike 0-1: Ball 1-1: Ball 2-1: 2-RUN HOME RUN (Flyball, 9D, EV 105.6 MPH), Distance : 342 ft
|
Batting: RHB Doug Allerdale
|
0-0: Called Strike 0-1: SINGLE (Line Drive, 9S, EV 104.4 MPH)
|
Batting: RHB Shimei Miura
|
0-0: Ball 1-0: Foul Ball, location: 2F 1-1: Called Strike 1-2: Fly out, F7 (Flyball, 7S, EV 90.0 MPH)
|
Bottom of the 5th over - 2 runs, 3 hits, 0 errors, 1 left on base; Athletic Club KC 5 - Mississippi 4 |
TOP OF THE 6TH |
Athletic Club KC batting - Pitching for Mississippi Mockingbirds : LHP Gertjan van Hulst
|
Batting: RHB Armando Rodríguez
|
0-0: Called Strike 0-1: Called Strike 0-2: Ground out 6-3 (Groundball, 6, EV 78.1 MPH)
|
Batting: RHB Lopahin Davletyarov
|
0-0: Swinging Strike 0-1: Ball 1-1: Fly out, F3 (Line Drive, 3, EV 69.4 MPH)
|
Batting: RHB Tasuku Goto
|
0-0: Ball 1-0: Ground out 4-3 (Groundball, 4, EV 88.8 MPH)
|
Top of the 6th over - 0 runs, 0 hits, 0 errors, 0 left on base; Athletic Club KC 5 - Mississippi 4 |
BOTTOM OF THE 6TH |
Mississippi Mockingbirds batting - Pitching for Athletic Club KC : LHP Roman Phansalker
|
Batting: LHB Javier Sánchez
|
0-0: Ball 1-0: Foul Ball, location: 2F 1-1: Swinging Strike 1-2: Foul Ball, location: 2F 1-2: Foul Ball, location: 2F 1-2: Strikes out swinging
|
Batting: RHB Iiri Haapajarvi
|
0-0: Swinging Strike 0-1: Ball 1-1: Fly out, F8 (Line Drive, 8RD, EV 96.9 MPH)
|
Batting: LHB Chris Fitzgerald
|
0-0: Ball 1-0: Called Strike 1-1: Ball 2-1: Foul Ball, location: 2F 2-2: Fly out, F4 (Popup, 4, EV 57.5 MPH)
|
Bottom of the 6th over - 0 runs, 0 hits, 0 errors, 0 left on base; Athletic Club KC 5 - Mississippi 4 |
TOP OF THE 7TH |
Athletic Club KC batting - Pitching for Mississippi Mockingbirds : LHP Gertjan van Hulst
|
Batting: RHB Armando Altagracia
|
0-0: Ball 1-0: Ground out 2-3 (Groundball, 2L, EV 68.1 MPH)
|
Batting: RHB Wade Tazewell
|
0-0: Foul Ball, location: 2F 0-1: Ball 1-1: Ball 2-1: Called Strike 2-2: Foul Ball, location: 2F 2-2: Foul Ball, location: 2F 2-2: Ball 3-2: Base on Balls
|
Batting: RHB Shou-xin Quian
|
0-0: Ball 1-0: Ball 2-0: Swinging Strike 2-1: Ball 3-1: Foul Ball, location: 2F 3-2: Strikes out swinging
|
Batting: LHB César Núñez
|
0-0: Called Strike 0-1: SINGLE (Line Drive, 7S, EV 98.1 MPH) Wade Tazewell to second
|
Batting: RHB Yehonatan Chazan
|
0-0: Called Strike 0-1: Foul Ball, location: 2F 0-2: Ball 1-2: Ball 2-2: Fielders Choice at 2nd, 6-4 (Groundball, 56D, EV 86.9 MPH)
|
Top of the 7th over - 0 runs, 1 hit, 0 errors, 2 left on base; Athletic Club KC 5 - Mississippi 4 |
BOTTOM OF THE 7TH |
Mississippi Mockingbirds batting - Pitching for Athletic Club KC : LHP Roman Phansalker
|
Batting: RHB Alco Compagne
|
0-0: Foul Ball, location: 2F 0-1: Ball 1-1: Ball 2-1: Reached on error, E6 (Groundball, 56D, EV 81.2 MPH)
|
Batting: LHB Bob Sanders
|
0-0: Sac Bunt to 15 - play at first, batter OUT! 1-4 Alco Compagne to second
|
Batting: RHB Tony Calhoun
|
0-0: Swinging Strike 0-1: DOUBLE (Line Drive, 9LS, EV 102.5 MPH) Alco Compagne scores
|
Pitching: RHP Taalay Ibragimov
|
|
Batting: LHB Owen Sharts
|
0-0: Called Strike 0-1: Ball 1-1: Called Strike 1-2: Ground out 6-3 (Groundball, 6, EV 83.8 MPH) Tony Calhoun to third
|
Batting: RHB Doug Allerdale
|
0-0: Called Strike 0-1: Ball 1-1: Ball 2-1: Ball 3-1: Base on Balls
|
Batting: RHB Shimei Miura
|
0-0: Ball 1-0: Foul Ball, location: 2F 1-1: Ball 2-1: Foul Ball, location: 2F 2-2: Ball 3-2: Fly out, F8 (Line Drive, 8RD, EV 83.1 MPH)
|
Bottom of the 7th over - 1 run, 1 hit, 1 error, 2 left on base; Athletic Club KC 5 - Mississippi 5 |
TOP OF THE 8TH |
Athletic Club KC batting - Pitching for Mississippi Mockingbirds : LHP Gertjan van Hulst
|
Batting: LHB Pablo Hernández
|
0-0: Called Strike 0-1: SINGLE (Flyball, 89S, EV 85.6 MPH)
|
Batting: RHB Armando Rodríguez
|
0-0: Fielders Choice at 2nd, 1-6 (Groundball, 13, EV 87.5 MPH)
|
Batting: RHB Lopahin Davletyarov
|
0-0: Ball 1-0: Called Strike Armando Rodríguez steals 2nd base 1-1: Fly out, F9 (Flyball, 9, EV 88.8 MPH)
|
Batting: RHB Tasuku Goto
|
0-0: Ball 1-0: Swinging Strike 1-1: Ball 2-1: Ball 3-1: Called Strike 3-2: Foul Ball, location: 2F 3-2: Fly out, F2 (Popup, 2L, EV 95.0 MPH)
|
Top of the 8th over - 0 runs, 1 hit, 0 errors, 1 left on base; Athletic Club KC 5 - Mississippi 5 |
BOTTOM OF THE 8TH |
Mississippi Mockingbirds batting - Pitching for Athletic Club KC : RHP Taalay Ibragimov
|
Batting: LHB Javier Sánchez
|
0-0: Ball 1-0: Ground out U3 (Groundball, 3S, EV 88.1 MPH)
|
Batting: RHB Iiri Haapajarvi
|
0-0: Called Strike 0-1: Ball 1-1: Called Strike 1-2: Ball 2-2: Ground out 4-3 (Groundball, 34, EV 100.6 MPH)
|
Batting: LHB Chris Fitzgerald
|
0-0: Ball 1-0: Swinging Strike 1-1: Ball 2-1: Swinging Strike 2-2: Strikes out swinging
|
Bottom of the 8th over - 0 runs, 0 hits, 0 errors, 0 left on base; Athletic Club KC 5 - Mississippi 5 |
TOP OF THE 9TH |
Athletic Club KC batting - Pitching for Mississippi Mockingbirds : LHP Gertjan van Hulst
|
Pitching: RHP Morton Steele
|
|
Batting: RHB Armando Altagracia
|
0-0: Foul Ball, location: 2F 0-1: Called Strike 0-2: Ball 1-2: Ball 2-2: Foul Ball, location: 2F 2-2: Foul Ball, location: 2F 2-2: Strikes out swinging
|
Pinch Hitting: RHB Francisco Vargas
|
0-0: Called Strike 0-1: Ball 1-1: DOUBLE (Line Drive, 7LS, EV 102.5 MPH)
|
Pinch Hitting: RHB Carlos Rojas
|
0-0: Ball 1-0: Ball 2-0: Ball 3-0: Called Strike 3-1: Called Strike 3-2: Base on Balls
|
Batting: LHB César Núñez
|
0-0: Ball 1-0: Called Strike 1-1: SINGLE (Groundball, 34D, EV 95.0 MPH) Francisco Vargas to third Carlos Rojas to second
|
Batting: RHB Yehonatan Chazan
|
0-0: Ball 1-0: Grounds into fielders choice 6-2 (Groundball, 6, EV 106.9 MPH) Carlos Rojas to third César Núñez to second
|
Batting: LHB Pablo Hernández
|
0-0: Fielders Choice at 2nd, 5-4 (Groundball, 5, EV 110.0 MPH)
|
Top of the 9th over - 0 runs, 2 hits, 0 errors, 3 left on base; Athletic Club KC 5 - Mississippi 5 |
BOTTOM OF THE 9TH |
Mississippi Mockingbirds batting - Pitching for Athletic Club KC : RHP Taalay Ibragimov
|
Now at C: Brodie Floyd
|
|
Now in CF: Donald Guegan
|
|
Batting: RHB Alco Compagne
|
0-0: Ball 1-0: Ball 2-0: Ground out 1-3 (Groundball, 13, EV 81.9 MPH)
|
Batting: LHB Bob Sanders
|
0-0: Ball 1-0: Ball 2-0: Swinging Strike 2-1: SINGLE (Line Drive, 89M, EV 105.0 MPH)
|
Batting: RHB Tony Calhoun
|
0-0: Ball Bob Sanders is caught stealing 2nd base 2-4 1-0: Ground out U3 (Groundball, 3, EV 85.0 MPH)
|
Bottom of the 9th over - 0 runs, 1 hit, 0 errors, 0 left on base; Athletic Club KC 5 - Mississippi 5 |
TOP OF THE 10TH |
Athletic Club KC batting - Pitching for Mississippi Mockingbirds : RHP Morton Steele
|
Pitching: RHP King Kelly
|
|
Batting: RHB Armando Rodríguez
|
0-0: Called Strike 0-1: Called Strike 0-2: Ball 1-2: Ground out U3 (Groundball, 3L, EV 78.1 MPH)
|
Batting: RHB Lopahin Davletyarov
|
0-0: Ball 1-0: Called Strike 1-1: Ball 2-1: Ball 3-1: Base on Balls
|
Batting: RHB Tasuku Goto
|
0-0: Ball 1-0: Called Strike 1-1: Ball Wild Pitch! Lopahin Davletyarov to second 2-1: Ground out 1-3 (Groundball, 15S, EV 72.5 MPH)
|
Batting: RHB Armando Altagracia
|
0-0: Ball 1-0: Ball 2-0: Called Strike 2-1: Swinging Strike 2-2: Ball 3-2: SINGLE (Groundball, 4D, EV 102.5 MPH) Lopahin Davletyarov to third Lopahin Davletyarov scores
|
Batting: RHB Donald Guegan
|
0-0: Ball 1-0: Called Strike 1-1: Ball 2-1: Called Strike 2-2: Fly out, F9 (Flyball, 89M, EV 81.9 MPH)
|
Top of the 10th over - 1 run, 1 hit, 0 errors, 1 left on base; Athletic Club KC 6 - Mississippi 5 |
BOTTOM OF THE 10TH |
Mississippi Mockingbirds batting - Pitching for Athletic Club KC : RHP Taalay Ibragimov
|
Pitching: LHP Indigo Diaz
|
|
Batting: LHB Owen Sharts
|
0-0: Called Strike 0-1: Ball 1-1: Called Strike 1-2: Ball 2-2: Ball 3-2: Fly out, F8 (Flyball, 8LD, EV 87.5 MPH)
|
Batting: RHB Doug Allerdale
|
0-0: Called Strike 0-1: Ground out 4-3 (Groundball, 4, EV 85.0 MPH)
|
Batting: RHB Shimei Miura
|
0-0: Foul Ball, location: 2F 0-1: Ball 1-1: Ball 2-1: Ball 3-1: Ground out 6-3 (Groundball, 6, EV 92.5 MPH)
|
Bottom of the 10th over - 0 runs, 0 hits, 0 errors, 0 left on base; Athletic Club KC 6 - Mississippi 5 |
|